 Dungeon Crawl Stone Soup version bcrawl-1.19.2-6-g6a88ae04c9 (webtiles) character file.

Game seed: 2343414996128490802

3615 Mrkan the Shield-Bearer (level 9, -2/85 HPs)
             Began as a Troll Fighter on Dec 26, 2019.
             Was a Priest of Fedhas.
             Slain by a troll (6 damage)
             ... on level 7 of the Dungeon.
             The game lasted 00:11:21 (6188 turns).

Mrkan the Shield-Bearer (Troll Fighter)             Turns: 6188, Time: 00:11:21

Health: -2/85      AC:  8    Str: 32    XL:     9   Next: 86%
Magic:  11/11      EV:  8    Int:  6    God:    Fedhas [***...]
Gold:   1027       SH: 21    Dex:  9    Spells: 8/8 levels left

rFire    . . .     SeeInvis .     - Unarmed
rCold    . . .     Gourm    +   s - +3 large shield {reflect}
rNeg     . . .     Faith    .   (armour unavailable)
rPois    .         Spirit   .   (helmet restricted)
rElec    .         Reflect  +   (no cloak)
rCorr    .         Harm     .   (gloves unavailable)
MR       .....                  (boots unavailable)
Stlth    +.........             k - amulet of regeneration
HPRegen  1.04/turn              q - +2 ring of strength
MPRegen  0.12/turn              e - +2 ring of strength

@: no status effects
A: large, almost no armour, unfitting armour, claws 3, fast metabolism 3,
gourmand, regeneration 1, AC +8
a: Fungal Bloom, Sunlight, Evolution, Growth, Renounce Religion


You were on level 7 of the Dungeon.
You worshipped Fedhas.
Fedhas was most pleased with you.
You were completely stuffed.

You visited 1 branch of the dungeon, and saw 7 of its levels.
You also visited: Sewer and Bailey.

You collected 1027 gold pieces.

Inventory:

Hand Weapons
 v - the +5 hunting sling "Xapa" {freeze, rElec, unknown}
   (You found it on level 5 of the Dungeon)

   It causes projectiles fired from it to freeze those they strike, causing
   extra injury to most foes and up to half again as much damage against
   particularly susceptible opponents.
   They can also slow down cold-blooded creatures.
   It insulates you from electricity.
Missiles
 y - 73 large rocks (quivered)
Armour
 s - a +3 large shield of reflection (worn)
Jewellery
 e - a +2 ring of strength (right claw)
 i - an uncursed amulet of the acrobat
 k - an amulet of regeneration (around neck)
 q - a +2 ring of strength (left claw)
 r - an uncursed ring of stealth {unknown}
Wands
 j - a wand of paralysis (6)
Scrolls
 h - 4 scrolls of identify
 l - 6 scrolls of teleportation
 n - 5 scrolls of remove curse
 o - a scroll of blinking
 u - a scroll of noise {unknown}
 w - a scroll of magic mapping
 x - a scroll of fear
Potions
 a - 2 potions of magic {unknown}
 b - 4 potions of might
 d - a potion of mutation
 f - a potion of haste {unknown}
 g - a potion of brilliance {unknown}
 m - 3 potions of lignification
 p - 8 potions of flight
 t - 4 potions of curing
 z - 3 potions of heal wounds {unknown}
 A - a potion of invisibility {unknown}
Miscellaneous
 C - a phantom mirror
Comestibles
 c - 8 rations {!d}
 B - 28 chunks of flesh


   Skills:
 - Level 4.6 Fighting
 - Level 2.4 Dodging
 * Level 7.8 Shields
 - Level 7.0 Unarmed Combat
 + Level 4.0 Invocations


You had 8 spell levels left.
You didn't know any spells.
Your spell library was empty.

Dungeon Overview and Level Annotations

Branches:
Dungeon (7/12)             Temple (0/1) D:6            Lair (0/6) D:7

Altars:
Ashenzari
Dithmenos
Fedhas
Uskayaw
Vehumet

Shops:
D:5 =   D:6 [


Innate Abilities, Weirdness & Mutations

You cannot wear most types of armour.
Your thick skin is tough. (AC +8)
You are too large for most types of armour.
You have claws for hands.
Your metabolism is lightning-fast.
You like to eat raw meat.
Your natural rate of healing is unusually fast.


Message History

The troll is heavily wounded.
The troll barely misses you. The troll closely misses you. The troll claws you.
* * * LOW HITPOINT WARNING * * *
You scratch the troll but do no damage.
The troll is heavily wounded.
The troll bites you.
* * * LOW HITPOINT WARNING * * *
You block the troll's attack. x2
You barely miss the troll.
The troll is moderately wounded.
The troll bites you!
* * * LOW HITPOINT WARNING * * *
The troll claws you.
* * * LOW HITPOINT WARNING * * *
You block the troll's attack.
You barely miss the troll.
The troll is moderately wounded.
You block the troll's attack. x2; The troll claws you.
You die...
Fedhas appreciates your contribution to the ecosystem.

##### .... #.....).#
#...# ...##.......# #...#
........... #...#
......... #...# #......#
#...# #......# #...#
#..T...########...#
#..@...##.........# .
###...#####.........#
..##.....# #........##
.........# ###(.......#
#.......####.....####.#
#.......##.........##.###
........#...........#....
##...................####
#............>..........


You could see a troll.

Vanquished Creatures
  A hungry ghost (D:5)
  Edmund (D:4)
  3 wargs (D:7)
  A sky beast (D:5)
  A black bear (D:6)
  6 orc warriors
  A necrophage (D:6)
  2 ice beasts
  3 ogres
  A phantom (D:6)
  A centaur (D:6)
  A bullfrog (D:6)
  A big kobold (Sewer)
  A water moccasin zombie (D:5)
  A scorpion (D:6)
  3 wights (D:7)
  4 crimson imps
  3 hounds
  A jelly (D:5)
  4 orc priests
  7 orc wizards
  2 iguanas
  4 worker ants
  A hound skeleton (D:5)
  4 gnolls (Bailey)
  15 adders
  A river rat (Sewer)
  A shadow imp (D:5)
  An ooze (Sewer)
  An adder zombie (D:7)
  7 worms
  3 dart slugs
  8 leopard geckos
  25 orcs
  11 bats
  3 giant cockroaches
  7 goblins
  7 hobgoblins
  10 jackals
  20 kobolds
  4 quokkas
  3 ball pythons
  5 frilled lizards
  A quokka skeleton (D:3)
  9 rats
200 creatures vanquished.

Vanquished Creatures (others)
  A sky beast (D:6)
  A big kobold (D:6)
  An orc (D:3)
  17 kobolds
20 creatures vanquished.

Grand Total: 220 creatures vanquished

Notes
Turn   | Place    | Note
-------+----------+-------------------------------------------
     0 | D:1      | Mrkan the Troll Fighter began the quest for the Orb.
     0 | D:1      | Reached XP level 1. HP: 22/22 MP: 0/0
   178 | D:1      | Reached XP level 2. HP: 27/29 MP: 1/1
   459 | D:1      | Reached XP level 3. HP: 30/36 MP: 2/2
  1542 | D:2      | Found a radiant altar of Vehumet.
  1808 | D:2      | Gained mutation: Your natural rate of healing is unusually
                  | fast. [Troll growth]
  1808 | D:2      | Reached XP level 4. HP: 45/45 MP: 3/3
  2325 | D:3      | Reached XP level 5. HP: 48/53 MP: 4/4
  2506 | D:3      | Noticed an ice beast
  2522 | D:3      | Killed an ice beast
  2522 | D:3      | Reached skill level 5 in Unarmed Combat
  2809 | D:3      | Found a shadowy altar of Dithmenos.
  3063 | D:4      | Reached XP level 6. HP: 62/62 MP: 5/5
  3364 | D:4      | Noticed Edmund
  3374 | D:4      | Killed Edmund
  3374 | D:4      | Reached XP level 7. HP: 64/70 MP: 6/6
  3883 | D:5      | Entered Level 5 of the Dungeon
  4058 | D:5      | Found a shattered altar of Ashenzari.
  4071 | D:5      | Reached XP level 8. HP: 70/79 MP: 7/7
  4096 | D:5      | Found a glowing drain.
  4107 | Sewer    | Entered a sewer
  4566 | D:5      | Found a blossoming altar of Fedhas.
  4576 | D:5      | Became a worshipper of Fedhas Madash
  4702 | D:5      | Got a faintly glowing hunting sling
  4732 | D:5      | Found Feen Lan's Jewellery Shop.
  4824 | D:5      | Found a hide-covered altar of Uskayaw.
  4824 | D:5      | Noticed a +0 dagger
  4826 | D:5      | Noticed a +0 hand axe
  4980 | D:6      | Reached skill level 5 in Shields
  5062 | D:6      | Reached * piety under Fedhas
  5115 | D:6      | Found a staircase to the Ecumenical Temple.
  5135 | D:6      | Found a shadowy altar of Dithmenos.
  5149 | D:6      | Reached XP level 9. HP: 85/85 MP: 8/8
  5272 | D:6      | Found Cialeasu's Antique Armour Emporium.
  5523 | D:6      | Reached skill level 1 in Invocations
  5768 | D:7      | Found a flagged portal.
  5778 | Bailey   | Entered a bailey
  5826 | Bailey   | Reached ** piety under Fedhas
  6030 | D:7      | Found a staircase to the Lair.
  6108 | D:7      | Reached *** piety under Fedhas
  6166 | D:7      | Noticed a troll
  6187 | D:7      | HP: 4/85 [troll (16)]
  6188 | D:7      | Slain by a troll

Skill      XL: |  1  2  3  4  5  6  7  8  9 |
---------------+----------------------------+-----
Unarmed Combat | 3 4 5 6 7 |  7.0
Fighting       | 3 4 |  4.6
Shields        | 3 6 7 |  7.8
Invocations    | 4 |  4.0
Dodging        | |  2.4

Action                   |  1- 3 |  4- 6 |  7- 9 || total
-------------------------+-------+-------+-------++-------
Melee: Unarmed           |   145 |   136 |   414 ||   695
  Use: Scroll            |       |    14 |     1 ||    15
  Eat: Chunk             |    16 |    11 |    18 ||    45
Armor: Skin              |    69 |    26 |    75 ||   170
Dodge: Dodged            |    68 |    16 |    46 ||   130
Block: Shield            |    78 |       |       ||    78
       Large shield      |       |    95 |   383 ||   478
       Reflection        |       |     2 |    89 ||    91
